[Event "Team 45 45 League T49"]
[Site "Internet Chess Club"]
[Date "2011.05.31"]
[Round "3"]
[White "Innes"]
[Black "BotanicalKnight"]
[Result "0-1"]
[WhiteElo "1659"]
[BlackElo "1669"]
[Opening "Caro-Kann: anti-anti-Caro-Kann defense"]
[ECO "B10"]
[Time "19:03:20"]
[TimeControl "2700+45"]

1. e4 c6 2. c4 d5 3. cxd5 cxd5 4. exd5 Nf6 5. d4 Nxd5 6. Nc3 Nc6 7. Nf3 Bg4 8.
Be2 e6 9. O-O Be7 10. h3 Bh5 11. Be3 Nxe3 12. fxe3 O-O 13. a3 a6 14. Qe1 b5 15.
b4 Qb6 16. Ne4 Rac8 17. Nc5 Rfd8 18. Qf2 Bf6 19. Bd3 e5 20. g4 exd4 21. e4 Bg6
22. e5 Bxe5 23. Bxg6 hxg6 24. Nxe5 Nxe5 25. Rae1 f6 26. Rxe5 fxe5 27. Qf7+ Kh8
28. Ne6 d3+ 29. Kh2 Rg8 30. Qxg6 Rc2+ 31. Kg3 Qe3+ 32. Rf3 Qe1+ {White resigns}
0-1

[Event "Team 45 45 League T49"]
[Site "Internet Chess Club"]
[Date "2011.05.29"]
[Round "3"]
[White "Monsieur"]
[Black "gandre"]
[Result "1-0"]
[WhiteElo "1533"]
[BlackElo "1718"]
[Opening "French: Steinitz variation"]
[ECO "C11"]
[Time "11:00:19"]
[TimeControl "2700+45"]

1. e4 e6 2. d4 d5 3. Nc3 Nf6 4. e5 Nfd7 5. f4 c5 6. Be3 cxd4 7. Bxd4 Nc6 8. Nf3
Be7 9. Bd3 Nxd4 10. Nxd4 Qb6 11. Bb5 a6 12. Bxd7+ Bxd7 13. Rb1 Bb4 14. O-O Bxc3
15. bxc3 Qc7 16. Rf3 O-O-O 17. Kh1 g6 18. Qe1 h5 19. Qe3 Bc6 20. Rff1 Kb8 21.
Rb2 Rd7 22. Rfb1 Rc8 23. Rb6 Ka8 24. Nxc6 bxc6 25. Rxa6+ Qa7 26. Rxa7+ Rxa7 27.
Qb6 c5 28. a4 c4 29. a5 Rac7 30. a6 Ra7 31. Qb7+ Rxb7 32. axb7+ Kb8 33. bxc8=Q+
Kxc8 {Black resigns} 1-0

[Event "Team 45 45 League T49"]
[Site "Internet Chess Club"]
[Date "2011.05.30"]
[Round "3"]
[White "MCJR"]
[Black "vollmerj"]
[Result "1/2-1/2"]
[WhiteElo "1438"]
[BlackElo "1742"]
[Opening "Dutch"]
[ECO "A80"]
[Time "09:00:19"]
[TimeControl "2700+45"]

1. d4 f5 2. Nf3 g6 3. Bf4 Bg7 4. e3 Nf6 5. Be2 a6 6. Nbd2 b5 7. c3 Bb7 8. O-O
O-O 9. Qb3+ e6 10. c4 c6 11. Bd6 Re8 12. Ne5 Bf8 13. Bxf8 Rxf8 14. cxb5 cxb5 15.
Bf3 Bxf3 16. Nexf3 d5 17. Rac1 Nbd7 18. Rc6 Re8 19. Rfc1 Ne4 20. Nxe4 fxe4 21.
Ne5 Nxe5 22. dxe5 Qg5 23. Qd1 Qxe5 24. b3 Re7 25. Qg4 Qf5 26. Qh4 Rf7 27. R1c2
Kg7 28. Rc7 Rf8 29. R7c6 Qe5 30. Rc1 Qb2 31. R6c2 Qe5 32. Rc6 Ra8 33. Qg4 Qb2
34. R6c2 Qe5 35. Rc6 {Game drawn by mutual agreement} 1/2-1/2

[Event "Team 45 45 League T49"]
[Site "Internet Chess Club"]
[Date "2011.05.29"]
[Round "3"]
[White "SaltofLife"]
[Black "VietLion"]
[Result "0-1"]
[WhiteElo "1825"]
[BlackElo "1950"]
[Opening "Benoni: 6.e4"]
[ECO "A65"]
[Time "15:49:34"]
[TimeControl "2700+45"]

1. d4 Nf6 2. c4 c5 3. d5 e6 4. Nc3 exd5 5. cxd5 d6 6. e4 g6 7. h3 Bg7 8. Bd3 O-O
9. Nf3 Re8 10. O-O a6 11. a4 Nbd7 12. Bf4 c4 13. Bc2 Qb6 14. Rb1 Nh5 15. Be3 Qc7
16. g4 Nhf6 17. Nd2 Rb8 18. f4 b5 19. axb5 axb5 20. Qf3 b4 21. Ne2 Nc5 22. Ng3
Ba6 23. Rfc1 b3 24. Bd1 Nd3 25. Rc3 Nd7 26. Rxd3 cxd3 27. Nxb3 Rb4 28. g5 Qb8
29. Ra1 Bc8 30. Ba7 Qb5 31. Ra5 Qc4 32. e5 dxe5 33. Nc5 Nxc5 34. Rxc5 Qd4+ 35.
Kh1 e4 36. Nxe4 Qxe4 37. Rxc8 Qe1+ 38. Bg1 Rxc8 {White resigns} 0-1

[Event "Team 45 45 League T49"]
[Site "Internet Chess Club"]
[Date "2011.05.26"]
[Round "3"]
[White "toukon"]
[Black "chessateer"]
[Result "1/2-1/2"]
[WhiteElo "1684"]
[BlackElo "1861"]
[Opening "QGD: Tartakower (Makagonov-Bondarevsky) system, 8.cd Nxd5"]
[ECO "D59"]
[Time "10:03:46"]
[TimeControl "2700+45"]

1. d4 d5 2. c4 e6 3. Nc3 Nf6 4. Bg5 Be7 5. e3 O-O 6. Nf3 h6 7. Bh4 b6 8. cxd5
Nxd5 9. Nxd5 Bxh4 10. Nxc7 Bxf2+ 11. Kxf2 Qxc7 12. Be2 Bb7 13. Rf1 Nd7 14. Kg1
Rac8 15. Qa4 Nf6 16. Ba6 Ng4 17. Bxb7 Qxb7 18. Qb3 Qe4 19. Rae1 Rc2 20. h3 Nf6
21. Rc1 Rfc8 22. Rxc2 Rxc2 23. Rf2 Rxf2 24. Kxf2 Nd5 25. Ne5 Qh4+ 26. Kf1 Qg3
27. Nf3 Qg6 28. Kf2 Qe4 29. Ne5 Qh4+ 30. Kf1 Qg3 31. Nf3 Qg6 {Game drawn by
mutual agreement} 1/2-1/2

[Event "Team 45 45 League T49"]
[Site "Internet Chess Club"]
[Date "2011.05.31"]
[Round "3"]
[White "ddlj81"]
[Black "Achelous"]
[Result "1/2-1/2"]
[WhiteElo "1757"]
[BlackElo "1698"]
[Opening "Ruy Lopez: closed"]
[ECO "C90"]
[Time "21:06:15"]
[TimeControl "2700+45"]

1. e4 e5 2. Nf3 Nc6 3. Bb5 a6 4. Ba4 Nf6 5. O-O Be7 6. Re1 b5 7. Bb3 d6 8. c3
Nb8 9. d4 Nbd7 10. Nbd2 O-O 11. Bc2 Bb7 12. a4 Re8 13. Bd3 b4 14. cxb4 exd4 15.
Nxd4 Ne5 16. Bc2 d5 17. b5 axb5 18. Nxb5 d4 19. Nf3 Nxf3+ 20. Qxf3 Bb4 21. Re2
c6 22. Na3 Ba6 23. Bd3 Bxd3 24. Qxd3 Rxa4 25. Bg5 Ra5 26. f4 h6 27. Bh4 g5 28.
fxg5 hxg5 29. Bf2 Bxa3 30. bxa3 c5 31. Be1 Ra7 32. Bd2 Nd7 33. Qg3 f6 34. h4 Qc7
35. Qg4 Ne5 36. Qf5 Qg7 37. hxg5 fxg5 38. a4 g4 39. a5 Rf7 40. Qh5 Qg6 41. Qxg6+
Nxg6 42. a6 Ra7 43. Be1 Re6 44. Rc2 Rxe4 45. Rxc5 Nf4 46. Bf2 g3 47. Rc8+ Kf7
48. Bxg3 Ne2+ 49. Kf2 Nxg3 50. Kxg3 Ke7 51. Rh8 Kd6 52. Ra5 Re6 53. Rd8+ Ke7 54.
Rxd4 Raxa6 55. Rxa6 Rxa6 56. Rf4 Rg6+ 57. Kh4 Rxg2 {Game drawn by mutual
agreement} 1/2-1/2

[Event "Team 45 45 League T49"]
[Site "Internet Chess Club"]
[Date "2011.05.31"]
[Round "3"]
[White "ElMarginal"]
[Black "parrot9"]
[Result "1-0"]
[WhiteElo "1586"]
[BlackElo "1567"]
[Opening "QGD semi-Slav"]
[ECO "D43"]
[Time "16:30:14"]
[TimeControl "2700+45"]

1. d4 d5 2. Nf3 Nf6 3. c4 c6 4. Nc3 e6 5. Bg5 Be7 6. e3 Nbd7 7. Bd3 dxc4 8. Bxc4
b5 9. Bd3 Bb7 10. Rc1 a6 11. O-O O-O 12. Qe2 Rc8 13. Nd2 c5 14. dxc5 Nxc5 15.
Bb1 b4 16. Bxf6 Bxf6 17. Nce4 Be7 18. Rfd1 Qb6 19. Nxc5 Bxc5 20. Be4 Bxe4 21.
Nxe4 Be7 22. b3 Qb7 23. Nd2 h6 24. Nc4 Rfd8 25. Rxd8+ Rxd8 26. Na5 Qe4 27. Nc6
Re8 28. Nxe7+ Rxe7 29. Qxa6 Re8 30. Qe2 Ra8 31. f3 Qb7 32. Rc4 Ra3 33. h3 Qa7
34. Rc2 Qa5 35. Rc8+ Kh7 36. Qd3+ g6 37. Qd4 e5 38. Qd8 Qxd8 39. Rxd8 Rxa2 40.
Rb8 Kg7 41. Rxb4 Kf6 42. e4 Kg5 43. Rb7 f5 44. exf5 gxf5 45. b4 Rb2 46. b5 Kf4
47. b6 Kg3 48. Rg7+ Kf4 49. b7 e4 50. fxe4 fxe4 51. Rh7 Kg3 52. Rg7+ Kf4 53. Rg6
Rxb7 54. Rxh6 e3 55. Rf6+ Kg3 56. Rf3+ {Black resigns} 1-0

[Event "Team 45 45 League T49"]
[Site "Internet Chess Club"]
[Date "2011.05.25"]
[Round "3"]
[White "amanileo"]
[Black "chessattack1"]
[Result "1-0"]
[WhiteElo "1930"]
[BlackElo "1781"]
[Opening "Queen's pawn game"]
[ECO "D02"]
[Time "16:04:59"]
[TimeControl "2700+45"]

1. d4 d5 2. Nf3 Bf5 3. c4 e6 4. Nc3 c6 5. Bg5 Be7 6. Bxe7 Nxe7 7. e3 O-O 8. Nh4
Nd7 9. Nxf5 Nxf5 10. cxd5 exd5 11. Bd3 Qg5 12. Qf3 Nd6 13. h4 Qf6 14. O-O-O b5
15. Rh3 a5 16. g4 Qxf3 17. Rxf3 Nf6 18. Rf4 Rfe8 19. g5 Nfe4 20. Nxe4 Nxe4 21.
Bxe4 Rxe4 22. Rxe4 dxe4 23. Kd2 Rd8 24. Rc1 Rd6 25. Rc5 a4 26. Re5 Re6 27. Rxe6
fxe6 28. Ke2 Kf7 29. f3 exf3+ 30. Kxf3 Ke7 31. Ke4 Kd6 32. h5 b4 33. Kd3 e5 34.
Kc4 a3 35. b3 exd4 36. exd4 Ke6 37. Kc5 Kf5 38. Kxc6 Kxg5 39. d5 Kxh5 40. d6 g5
41. d7 {Black resigns} 1-0

[Event "Team 45 45 League T49"]
[Site "Internet Chess Club"]
[Date "2011.05.29"]
[Round "3"]
[White "Sir-Sinister"]
[Black "Fatman"]
[Result "1-0"]
[WhiteElo "1749"]
[BlackElo "1748"]
[Opening "Dunst (Sleipner, Heinrichsen) opening"]
[ECO "A00"]
[Time "13:30:39"]
[TimeControl "2700+45"]

1. Nc3 d5 2. e4 d4 3. Nce2 e5 4. Ng3 Nf6 5. Bc4 Nc6 6. Nf3 Bd6 7. O-O O-O 8. a4
Qe7 9. Qe2 a6 10. Nh4 g6 11. d3 Be6 12. Bh6 Rfe8 13. Bg5 Bxc4 14. dxc4 Qe6 15.
Nf3 Bf8 16. h4 Bg7 17. Bd2 Rad8 18. Ng5 Qg4 19. Qxg4 Nxg4 20. h5 d3 21. c3 Na5
22. Ra3 Nxc4 23. hxg6 fxg6 24. Nf3 Nxa3 25. bxa3 h5 26. Nh4 Kh7 27. a5 c5 28.
Rb1 Rd7 29. c4 Re6 30. Nf3 Nf6 31. Ng5+ Kh8 32. Nxe6 h4 33. Nf1 Nxe4 34. Rb6
Nxd2 35. Nxd2 Bh6 36. Nxc5 Rc7 37. Nce4 Kg7 38. Kf1 g5 39. f3 Kh7 40. Nf6+ Kg7
41. Ne8+ {Black resigns} 1-0

[Event "Team 45 45 League T49"]
[Site "Internet Chess Club"]
[Date "2011.05.26"]
[Round "3"]
[White "noblitz-oblige"]
[Black "quotha"]
[Result "0-1"]
[WhiteElo "1667"]
[BlackElo "1688"]
[Opening "Philidor's defense"]
[ECO "C41"]
[Time "05:30:29"]
[TimeControl "2700+45"]

1. e4 e5 2. Nf3 d6 3. h3 c5 4. Bc4 Be7 5. Nc3 Nf6 6. d3 O-O 7. O-O a6 8. a3 b5
9. Ba2 Be6 10. Nd5 Nc6 11. Ng5 h6 12. Nxf6+ Bxf6 13. Nxe6 fxe6 14. Bxe6+ Kh8 15.
Qh5 Nd4 16. Bd5 Qe8 17. Qd1 Rb8 18. c3 Ne6 19. Be3 Bg5 20. Bxg5 Nxg5 21. Qg4 Rf4
22. Qe2 Nf3+ 23. gxf3 Qh5 24. Kh2 Rxf3 25. Qd1 Qxh3+ {White resigns} 0-1

[Event "Team 45 45 League T49"]
[Site "Internet Chess Club"]
[Date "2011.05.29"]
[Round "3"]
[White "koni"]
[Black "daniguti"]
[Result "0-1"]
[WhiteElo "1895"]
[BlackElo "1745"]
[Opening "Réti: King's Indian attack, Spassky's variation"]
[ECO "A05"]
[Time "12:10:23"]
[TimeControl "2700+45"]

1. Nf3 Nf6 2. g3 b5 3. Bg2 Bb7 4. O-O e6 5. d3 c5 6. e4 d6 7. a4 b4 8. Nbd2 Be7
9. Nc4 O-O 10. e5 dxe5 11. Nfxe5 Bxg2 12. Kxg2 Nd5 13. Qg4 Qc7 14. Bd2 Bf6 15.
f4 Nc6 16. Rfe1 Nd4 17. Rac1 Qb7 18. Kg1 Ne7 19. Nd6 Qd5 20. Ne4 Bxe5 21. fxe5
Ng6 22. Bf4 Nc6 23. h4 Ncxe5 24. Bxe5 Qxe5 25. h5 f5 26. Qh3 Qd4+ 27. Nf2 Ne5
28. Qg2 Qxb2 29. c3 bxc3 30. Rb1 Qd2 31. Rbd1 Qg5 32. Rc1 Qd2 33. Rcd1 Qg5 34.
Rc1 Qf6 35. Re2 Rab8 36. Rce1 Nf7 37. Rxe6 Qxe6 38. Rxe6 Rb1+ 39. Kh2 c2 40. d4
c1=Q 41. dxc5 Qxc5 42. Rc6 Qb4 43. Rc7 Rb2 {White resigns} 0-1

[Event "Team 45 45 League T49"]
[Site "Internet Chess Club"]
[Date "2011.05.27"]
[Round "3"]
[White "az2112"]
[Black "BigH"]
[Result "0-1"]
[WhiteElo "1739"]
[BlackElo "1854"]
[Opening "Ruy Lopez: closed, Breyer, Gligoric variation"]
[ECO "C95"]
[Time "09:02:25"]
[TimeControl "2700+45"]

1. e4 e5 2. Nf3 Nc6 3. Bb5 a6 4. Ba4 Nf6 5. O-O Be7 6. Re1 b5 7. Bb3 d6 8. c3
O-O 9. h3 Nb8 10. d4 Nbd7 11. Nbd2 Bb7 12. Bc2 c5 13. d5 c4 14. Nf1 Nc5 15. Ng3
g6 16. Be3 Qc7 17. Qd2 a5 18. Bh6 Rfb8 19. Nh2 Bc8 20. h4 Kh8 21. h5 Ng8 22. Bg5
Bf8 23. hxg6 fxg6 24. f4 h6 25. Bh4 Bg7 26. Ngf1 exf4 27. Qxf4 g5 28. Bxg5 hxg5
29. Qxg5 Bh6 30. Qh5 Qh7 31. g4 Nf6 32. Qh3 Bxg4 33. Nxg4 Nxg4 34. Re2 Be3+ 35.
Rxe3 Nxe3 36. Qxe3 Rg8+ 37. Kf2 Raf8+ {White resigns} 0-1

[Event "Team 45 45 League T49"]
[Site "Internet Chess Club"]
[Date "2011.05.30"]
[Round "3"]
[White "Nakke"]
[Black "Tamarin"]
[Result "1-0"]
[WhiteElo "1831"]
[BlackElo "1777"]
[Opening "English opening"]
[ECO "A20"]
[Time "05:06:40"]
[TimeControl "2700+45"]

1. c4 e5 2. g3 c6 3. Bg2 Nf6 4. Nf3 e4 5. Nd4 Qb6 6. Nc2 d5 7. cxd5 cxd5 8. O-O
Nc6 9. Nc3 Bd6 10. d3 exd3 11. Qxd3 Ne5 12. Qb5+ Qxb5 13. Nxb5 Bb8 14. Nb4 a6
15. Nc3 d4 16. Ncd5 Nxd5 17. Nxd5 Be6 18. Rd1 O-O 19. Nb6 Ra7 20. Rxd4 Bc7 21.
Nd5 Nc6 22. Rd1 Rd8 23. Be3 Bxd5 24. Bxd5 Raa8 25. Bxc6 bxc6 26. Rxd8+ Rxd8 27.
Rc1 Be5 28. Rxc6 Bxb2 29. Rxa6 f6 30. Ra7 h6 31. h4 Bd4 32. Bxd4 Rxd4 33. a4 Rd2
34. e3 Kf8 35. a5 g5 36. hxg5 hxg5 37. g4 Ke8 38. a6 Kd8 39. Rf7 Ra2 40. a7 Kc8
41. f4 gxf4 42. exf4 Ra6 43. a8=R+ Rxa8 44. Rf8+ Kb7 45. Rxa8 Kxa8 46. g5 fxg5
47. fxg5 Kb8 48. g6 Kc7 49. g7 Kd7 50. g8=Q Ke7 51. Qg6 Kf8 {Black resigns} 1-0

[Event "Team 45 45 League T49"]
[Site "Internet Chess Club"]
[Date "2011.05.29"]
[Round "3"]
[White "clarinetref"]
[Black "gandre"]
[Result "0-1"]
[WhiteElo "1611"]
[BlackElo "1730"]
[Opening "English: symmetrical, Botvinnik system reversed"]
[ECO "A36"]
[Time "19:09:16"]
[TimeControl "2700+45"]

1. c4 c5 2. Nc3 Nc6 3. g3 g6 4. Bg2 Bg7 5. e3 e5 6. Nge2 Nge7 7. O-O O-O 8. a3
d6 9. b3 Be6 10. Bb2 Qd7 11. Re1 d5 12. cxd5 Nxd5 13. Ne4 b6 14. Ng5 Bg4 15. h3
Bxe2 16. Qxe2 f5 17. Qc4 Rfd8 18. e4 fxe4 19. Nxe4 Na5 20. Qc2 Rac8 21. Nc3 Ne7
22. Rad1 Nf5 23. Bd5+ Kh8 24. b4 Nd4 25. Qe4 cxb4 26. axb4 Nc4 27. Bxc4 Rxc4 28.
Kh2 Qf7 29. f4 Nb3 30. Qe3 exf4 31. gxf4 Qxf4+ 32. Qxf4 Rxf4 33. Re2 Rdf8 34.
Na4 Bxb2 35. Nxb2 Rf2+ 36. Rxf2 Rxf2+ 37. Kg3 Rxd2 38. Rb1 Nd4 39. Nc4 Rd3+ 40.
Kg2 Rb3 41. Rd1 Nb5 42. Rd8+ Kg7 43. Rd7+ Kh6 44. Ne5 Rxb4 45. Nf7+ Kh5 46. Ne5
h6 47. Nd3 Rd4 48. Rxd4 Nxd4 49. Kg3 Nf5+ 50. Kf3 Kh4 51. Ke4 a5 52. Nf4 Ng3+
53. Kd5 g5 54. Ng6+ Kxh3 55. Kc4 {White resigns} 0-1

[Event "Team 45 45 League T49"]
[Site "Internet Chess Club"]
[Date "2011.05.31"]
[Round "3"]
[White "Mark-SF"]
[Black "randallsr"]
[Result "1-0"]
[WhiteElo "1940"]
[BlackElo "1754"]
[Opening "French: advance, Nimzovich system"]
[ECO "C02"]
[Time "14:02:26"]
[TimeControl "2700+45"]

1. e4 e6 2. d4 d5 3. e5 c5 4. Nf3 h6 5. c3 Qb6 6. Be2 Nc6 7. O-O cxd4 8. cxd4
Bd7 9. Nc3 a6 10. Na4 Qa7 11. Be3 b6 12. Rc1 Nge7 13. a3 Nf5 14. Bd3 Be7 15.
Bxf5 exf5 16. Qb3 Na5 17. Qxb6 Nc4 18. Qxa7 Rxa7 19. Nc5 Bb5 20. Rfe1 Nxb2 21.
Rb1 Nd3 22. Rxb5 axb5 23. Nxd3 Rxa3 24. Nf4 Kd7 25. Nxd5 Rb8 26. Nxe7 Kxe7 27.
d5 Rc3 28. Nd4 Kd7 29. Nxf5 b4 30. Bd4 Rd3 31. e6+ fxe6 32. dxe6+ Kc6 33. Bxg7
b3 34. g3 b2 35. Bxb2 Re8 36. Ng7 Re7 37. Bf6 {Black resigns} 1-0

[Event "Team 45 45 League T49"]
[Site "Internet Chess Club"]
[Date "2011.05.27"]
[Round "3"]
[White "qs16"]
[Black "justice02"]
[Result "1/2-1/2"]
[WhiteElo "1672"]
[BlackElo "1772"]
[Opening "Queen's pawn game"]
[ECO "A45"]
[Time "06:04:00"]
[TimeControl "2700+45"]

1. d4 Nf6 2. Nd2 d5 3. e3 c6 4. Bd3 Bg4 5. Ngf3 Nbd7 6. O-O e5 7. dxe5 Nxe5 8.
Be2 Bd6 9. h3 Nxf3+ 10. Bxf3 Be6 11. b3 Qd7 12. Re1 O-O-O 13. Bb2 h5 14. Nf1 h4
15. Qe2 Bc7 16. Red1 Rh6 17. Bxf6 gxf6 18. Bg4 Rg8 19. Bxe6 fxe6 20. Kh1 Qg7 21.
f4 Rg6 22. Rd2 Ba5 23. Rad1 Bxd2 24. Rxd2 f5 25. c4 Kc7 26. Rb2 Qc3 27. Qd2 Qxd2
28. Rxd2 a5 29. cxd5 exd5 30. Nh2 Re8 31. Rd3 Rge6 32. Nf1 b5 33. a3 Kd6 34. Kh2
c5 35. g3 c4 36. bxc4 bxc4 37. Rc3 Kc5 38. gxh4 Rh8 39. Ng3 Rf6 40. h5 d4 41.
exd4+ Kxd4 42. Ne2+ Kc5 43. Ng3 Rd8 44. h6 Rxh6 45. Nxf5 Rf6 46. Ng7 Kd4 47. Rc1
Kc5 48. h4 Rd4 49. Nh5 Rf5 50. Ng7 Rf6 51. f5 Rxh4+ 52. Kg3 Rh8 53. Kf4 Rb6 54.
Ke5 Rhh6 55. Ne6+ Kc6 56. Rxc4+ Kd7 57. Rc7+ Ke8 58. Rc8+ Kd7 59. Rc7+ Ke8 60.
Rc8+ Kd7 {Game drawn by mutual agreement} 1/2-1/2

[Event "Team 45 45 League T49"]
[Site "Internet Chess Club"]
[Date "2011.05.29"]
[Round "3"]
[White "elessar"]
[Black "Buford-Julep"]
[Result "0-1"]
[WhiteElo "1647"]
[BlackElo "1705"]
[Opening "French: King's Indian attack"]
[ECO "C00"]
[Time "15:00:09"]
[TimeControl "2700+45"]

1. e4 e6 2. d3 d5 3. Nd2 c5 4. Ngf3 Nc6 5. g3 Bd6 6. Bg2 Nge7 7. O-O Qc7 8. c3
b6 9. Re1 O-O 10. Nf1 Ba6 11. exd5 exd5 12. Ng5 h6 13. Nh3 Rad8 14. Bf4 Ng6 15.
Bxh6 gxh6 16. Bxd5 Be7 17. Ne3 Bc8 18. Qh5 Kh7 19. Nf5 Bxf5 20. Qxf5 Qc8 21. Qh5
Qd7 22. Bxc6 Qxc6 23. Qe2 Qd7 24. Rad1 Qxh3 {White resigns} 0-1

[Event "Team 45 45 League T49"]
[Site "Internet Chess Club"]
[Date "2011.05.28"]
[Round "3"]
[White "mickeys"]
[Black "Stryker672"]
[Result "1/2-1/2"]
[WhiteElo "1972"]
[BlackElo "1965"]
[Opening "Queen's bishop game"]
[ECO "D02"]
[Time "18:00:47"]
[TimeControl "2700+45"]

1. d4 Nf6 2. Nf3 d5 3. Bf4 Bf5 4. e3 e6 5. Be2 Bd6 6. Bxd6 Qxd6 7. Nbd2 O-O 8.
O-O c5 9. dxc5 Qxc5 10. Nd4 Bg6 11. c4 dxc4 12. Nxc4 Nc6 13. Nxc6 Qxc6 14. Qd6
Rac8 15. Qxc6 Rxc6 16. Rad1 Nd5 17. Rd4 b5 18. Ne5 Rc2 19. Bxb5 Rxb2 20. Bc4 Nb6
21. Nxg6 hxg6 22. Bb3 Rc8 23. Rfd1 a5 24. g3 a4 25. Bxa4 Nxa4 26. Rxa4 Rcc2 27.
Rf1 Rxa2 {Game drawn by mutual agreement} 1/2-1/2

[Event "Team 45 45 League T49"]
[Site "Internet Chess Club"]
[Date "2011.05.30"]
[Round "3"]
[White "DaveTheRook"]
[Black "pishd"]
[Result "1-0"]
[WhiteElo "1749"]
[BlackElo "1735"]
[Opening "Dutch defense"]
[ECO "A90"]
[Time "15:04:44"]
[TimeControl "2700+45"]

1. d4 e6 2. c4 f5 3. g3 Nf6 4. Bg2 d5 5. b3 c6 6. Nf3 Bd6 7. O-O Qe7 8. c5 Bc7
9. Nc3 b6 10. b4 Nbd7 11. Qa4 b5 12. Qc2 a5 13. bxa5 Rxa5 14. Bd2 Ra8 15. Rfb1
O-O 16. a4 bxa4 17. Nxa4 Ne4 18. Be1 e5 19. e3 Ng5 20. Nxg5 Qxg5 21. Nb6 Rxa1
22. Rxa1 f4 23. Nxc8 Rxc8 24. Ra7 fxe3 25. fxe3 Nf6 26. Qe2 Qf5 27. Qf2 Qh5 28.
Bf1 exd4 29. exd4 Ne4 30. Qe2 Qh6 31. Qg4 Rf8 32. Rxc7 Qe3+ 33. Kg2 Qxe1 34.
Qxg7# {Black checkmated} 1-0

[Event "Team 45 45 League T49"]
[Site "Internet Chess Club"]
[Date "2011.05.26"]
[Round "3"]
[White "cknights"]
[Black "Kingofknights"]
[Result "1-0"]
[WhiteElo "1943"]
[BlackElo "1633"]
[Opening "QGD Slav: Dutch, Lasker variation"]
[ECO "D18"]
[Time "20:00:55"]
[TimeControl "2700+45"]

1. d4 d5 2. c4 c6 3. Nf3 Nf6 4. Nc3 dxc4 5. a4 Bf5 6. e3 Na6 7. Bxc4 e6 8. Bxa6
bxa6 9. O-O h6 10. Qe2 a5 11. Ne5 Qb6 12. e4 Bh7 13. d5 cxd5 14. exd5 Bc5 15.
dxe6 fxe6 16. Nc4 Qc6 17. Nxa5 Qc7 18. Qxe6+ Qe7 19. Qc6+ Kf7 20. Nd5 Qd6 21.
Qb7+ Qd7 22. Nxf6 Qxb7 23. Nxb7 {Black resigns} 1-0

[Event "Team 45 45 League T49"]
[Site "Internet Chess Club"]
[Date "2011.05.29"]
[Round "3"]
[White "Ernie1"]
[Black "IPiTIBuLL"]
[Result "1-0"]
[WhiteElo "1654"]
[BlackElo "1669"]
[Opening "Queen's pawn"]
[ECO "A40"]
[Time "21:00:19"]
[TimeControl "2700+45"]

1. d4 c6 2. Bg5 d5 3. Nf3 Nf6 4. Bxf6 exf6 5. c3 Bd6 6. e3 Be6 7. Bd3 Qc7 8.
Nbd2 Nd7 9. Rc1 O-O-O 10. c4 dxc4 11. Nxc4 Bb4+ 12. Kf1 Bg4 13. Qa4 Bxf3 14.
Qxb4 Bd5 15. Nd6+ Kb8 16. e4 Nb6 17. exd5 Rxd6 18. dxc6 Rhd8 19. Qe1 Rxd4 20.
cxb7 Rxd3 21. Rxc7 Kxc7 22. Qe7+ R8d7 23. Qc5+ Kxb7 24. g3 R3d5 25. Qf8 g6 26.
Qg7 Nc4 27. Qxf6 Ne3+ 28. Ke2 Nf5 29. Qc3 Re7+ 30. Kf1 Ree5 31. Kg2 Rb5 32. Rc1
Rec5 33. Qf3+ Kb6 34. Rxc5 Rxc5 35. Qb3+ Rb5 36. Qxf7 Nd6 37. Qxh7 Rxb2 38. Qxg6
Kc6 39. h4 Kd5 40. h5 Ne4 41. Qf7+ Ke5 42. Qg7+ Nf6 43. h6 Kf5 44. h7 Rxa2 45.
h8=Q Ne4 46. Qe5+ Kg6 47. Qhh5# {Black checkmated} 1-0

[Event "Team 45 45 League T49"]
[Site "Internet Chess Club"]
[Date "2011.05.30"]
[Round "3"]
[White "Pacini"]
[Black "DARKwizard1"]
[Result "1/2-1/2"]
[WhiteElo "2045"]
[BlackElo "1925"]
[Opening "Scotch gambit: Dubois-Réti defense"]
[ECO "C55"]
[Time "16:17:50"]
[TimeControl "2700+45"]

1. e4 Nc6 2. Nf3 e5 3. d4 exd4 4. Bc4 Nf6 5. e5 d5 6. Bb5 Ne4 7. Nxd4 Bc5 8. Be3
Bxd4 9. Qxd4 O-O 10. Bxc6 bxc6 11. Nc3 Bf5 12. Nxe4 Bxe4 13. O-O Re8 14. c3 Qe7
15. f3 Bg6 16. Bf4 Red8 17. b4 a5 18. a3 a4 {Game drawn by mutual agreement}
1/2-1/2

[Event "Team 45 45 League T49"]
[Site "Internet Chess Club"]
[Date "2011.05.31"]
[Round "3"]
[White "kidviper"]
[Black "Atlantis"]
[Result "1-0"]
[WhiteElo "1927"]
[BlackElo "1879"]
[Opening "QGD: Lasker defense"]
[ECO "D56"]
[Time "11:12:01"]
[TimeControl "2700+45"]

1. d4 Nf6 2. c4 e6 3. Nc3 d5 4. Nf3 Be7 5. Bg5 O-O 6. e3 h6 7. Bh4 Ne4 8. Bxe7
Qxe7 9. Nxe4 dxe4 10. Nd2 f5 11. Qb3 Nc6 12. a3 b6 13. Be2 Bb7 14. Rc1 Na5 15.
Qc3 c5 16. dxc5 f4 17. exf4 Rxf4 18. cxb6 axb6 19. Qe3 Qf6 20. b4 Rf8 21. bxa5
Rxf2 22. Rf1 Rxf1+ 23. Nxf1 bxa5 24. c5 Bc6 25. Nd2 Qh4+ 26. Qg3 Qf6 27. Nc4 Bb5
28. Ne5 Bxe2 29. Kxe2 Rb8 30. Rc2 Rb1 31. c6 Qf1+ 32. Ke3 Re1+ 33. Kd2 Rd1+ 34.
Kc3 Qb5 35. c7 Qc5+ 36. Kb2 Qb5+ 37. Qb3 Qxe5+ 38. Rc3 Rd2+ 39. Kc1 Qf4 40.
c8=Q+ Rd8+ 41. Kb2 Rxc8 42. Qxe6+ Kh7 43. Rxc8 Qd2+ 44. Rc2 Qd4+ 45. Ka2 h5 46.
h4 e3 47. Qf5+ g6 48. Rc7+ {Black forfeits on time} 1-0

[Event "Team 45 45 League T49"]
[Site "Internet Chess Club"]
[Date "2011.05.29"]
[Round "3"]
[White "Bacon1290"]
[Black "SIDDuchess"]
[Result "1-0"]
[WhiteElo "1657"]
[BlackElo "1635"]
[Opening "Sicilian: accelerated fianchetto, modern variation"]
[ECO "B34"]
[Time "10:01:36"]
[TimeControl "2700+45"]

1. e4 c5 2. Nf3 Nc6 3. d4 cxd4 4. Nxd4 g6 5. Nc3 Bg7 6. Be3 Nf6 7. Nxc6 bxc6 8.
e5 Ng8 9. Bd4 e6 10. Qd2 Ne7 11. g4 Qa5 12. f4 Rb8 13. Ne4 Qxd2+ 14. Kxd2 Nd5
15. Nd6+ Ke7 16. f5 Bh6+ 17. Ke1 exf5 18. gxf5 Rd8 19. Bc5 {Black resigns} 1-0

[Event "Team 45 45 League T49"]
[Site "Internet Chess Club"]
[Date "2011.06.02"]
[Round "3"]
[White "mongmong"]
[Black "Razorbackchess"]
[Result "1/2-1/2"]
[WhiteElo "1622"]
[BlackElo "1818"]
[Opening "King's Indian, 3.Nf3"]
[ECO "E61"]
[Time "19:06:05"]
[TimeControl "2700+45"]

1. d4 Nf6 2. Nf3 g6 3. c4 Bg7 4. Nc3 d6 5. e3 O-O 6. Be2 Nc6 7. O-O a6 8. d5 Nb8
9. Rb1 Nbd7 10. b3 Qe8 11. Bb2 Nc5 12. b4 Nce4 13. Nxe4 Nxe4 14. Bxg7 Kxg7 15.
Qd4+ Nf6 16. h3 Kg8 17. a4 Bf5 18. Ra1 a5 19. b5 b6 20. Bd3 Bxd3 21. Qxd3 e5 22.
dxe6 fxe6 23. Nd4 e5 24. Nc6 Qe6 25. e4 Kh8 26. Rac1 Rf7 27. f3 Raf8 28. Rc2 Qc8
29. Qe3 Qe6 30. Qd3 Nh5 31. Qd5 Nf4 32. Qxe6 Nxe6 33. Rff2 Nc5 34. Ra2 Nd3 35.
Rfd2 Nc5 36. Kh2 g5 37. Kg3 h5 38. Re2 h4+ 39. Kh2 Nd3 40. Red2 Nc5 41. Re2
{Game drawn by mutual agreement} 1/2-1/2

[Event "Team 45 45 League T49"]
[Site "Internet Chess Club"]
[Date "2011.05.29"]
[Round "3"]
[White "ben622"]
[Black "TerryMalloy"]
[Result "0-1"]
[WhiteElo "1930"]
[BlackElo "1933"]
[Opening "Petrov: classical attack, Berger variation"]
[ECO "C42"]
[Time "21:00:53"]
[TimeControl "2700+45"]

1. e4 e5 2. Nf3 Nf6 3. Nxe5 d6 4. Nf3 Nxe4 5. d4 d5 6. Bd3 Nc6 7. O-O Be7 8. Re1
Bg4 9. c3 f5 10. Nbd2 O-O 11. Nf1 Bh4 12. Ng3 Nxf2 13. Kxf2 f4 14. Qc2 h6 15.
Nxh4 Qxh4 16. Bxf4 Qxh2 17. Qd2 Bh3 18. Rg1 g5 19. Nf5 gxf4 20. Nxh6+ Kg7 21.
Bc2 Kxh6 22. Kf1 Bf5 23. Kf2 Qg3+ 24. Kf1 Qe3 25. Qd1 f3 26. Bxf5 Qe2+ 27. Qxe2
fxe2+ 28. Kxe2 Rxf5 29. g4 Re8+ 30. Kd3 Rf3+ 31. Kc2 Re2+ {White resigns} 0-1